Map: 2000 Atmospheres LE

Players

A.I. 1 (Very Easy)

  • Race: Protoss Protoss
  • Spawn Location: 7:00

IIIIIIIIIIII - Winner!

  • Race: Zerg Zerg
  • League: Master
  • Spawn Location: 3:00

VOD

Have the link to the VOD?

Description

Time

  • Played on: May 19, 2022, 8:10 p.m.
  • Length: 10:37
Show
View Real Time Build Order
Export as new Build Order

A.I. 1 (Very Easy) Protoss 

Build Orders:  

Get SALT Encoding   

  12  0:00  Probe  
  13  0:13  Probe  
  14  0:19  Pylon  
  14  0:37  Assimilator  
  14  0:43  Gateway  
  14  0:45  Pylon  
  14  1:13  Assimilator  
  14  1:18  Probe  
  15  1:26  Probe  
  16  1:33  Cybernetics Core  
  16  1:34  Probe  
  17  1:44  Probe  
  18  1:56  Probe  
  18  1:59  Warp Gate  
  19  2:04  Probe  
  20  2:12  Stalker  
  22  5:32  Zealot  
  22  5:35  Probe  
  25  5:36  Pylon  
  25  5:38  Robotics Facility  
  25  5:45  Probe  
  26  5:53  Probe  
  26  6:01  Probe  
  27  6:10  Pylon  
  26  6:13  Probe  
  27  6:23  Probe  
  27  6:25  Observer  
  28  6:28  Zealot  
  30  6:46  Observer  
  31  7:04  Nexus  
  31  7:24  Stalker  
  33  8:15  Probe  
  34  8:23  Probe  
  34  8:25  Assimilator  
  35  8:28  Probe, Assimilator  
  36  8:35  Probe  
  37  8:46  Probe  
  38  8:54  Probe  
  39  9:01  Probe  
  40  9:08  Probe  
  41  9:15  Probe  
  42  9:18  Probe  
  43  9:26  Probe  
  44  9:34  Zealot  
  44  9:35  Probe  
  41  9:40  Probe, Observer  
  42  9:51  Probe  
  43  9:58  Probe  
  44  10:13  Probe  
Show
View Real Time Build Order
Export as new Build Order

IIIIIIIIIIII Zerg - Winner!

Build Orders: Hatch First 

Get SALT Encoding   

  12  0:00  Drone  
  13  0:08  Drone  
  14  0:33  Hatchery  
  13  0:36  Drone  
  13  0:42  Drone, Extractor  
  15  0:57  Spawning Pool  
  15  1:02  Extractor  
  15  1:03  Drone  
  14  1:07  Extractor  
  14  1:08  Drone  
  16  1:12  Overlord  
  16  1:30  Drone  
  16  1:31  Drone  
  18  1:35  Drone  
  19  1:44  Queen x2  
  19  1:45  Drone  
  24  1:49  Drone  
  25  1:55  Drone  
  25  1:57  Overlord  
  26  2:06  Drone  
  26  2:07  Drone  
  28  2:19  Queen  
  28  2:20  Queen, Drone  
  34  2:22  Drone  
  34  2:27  Drone  
  34  2:29  Overlord  
  35  2:38  Drone  
  35  2:44  Drone, Extractor x2  
  35  2:49  Drone  
  36  2:55  Queen x2, Overlord  
  36  2:58  Drone x2  
  42  3:00  Drone  
  42  3:02  Drone  
  44  3:09  Overlord  
  44  3:13  Drone x3  
  44  3:18  Drone  
  48  3:25  Drone x4  
  52  3:30  Evolution Chamber  
  52  3:31  Evolution Chamber  
  50  3:44  Spore Crawler  
  50  3:45  Spore Crawler  
  50  3:47  Spine Crawler  
  47  3:52  Drone  
  48  3:57  Zerg Ground Armor Level 1, Zerg Melee Weapons Level 1  
  48  3:58  Drone x2  
  48  3:59  Drone x2  
  48  4:00  Drone  
  48  4:01  Drone  
  54  4:03  Drone  
  54  4:04  Drone  
  54  4:06  Drone  
  54  4:08  Drone  
  58  4:10  Drone  
  58  4:14  Extractor  
  58  4:15  Metabolic Boost, Extractor  
  57  4:19  Overlord  
  57  4:32  Drone  
  57  4:33  Drone  
  57  4:34  Lair  
  59  4:40  Hatchery  
  59  4:42  Drone x2  
  59  4:43  Drone x2  
  59  4:45  Drone  
  63  4:48  Drone x2  
  63  4:51  Overlord  
  65  5:13  Drone  
  66  5:18  Drone x2  
  68  5:25  Zergling x2  
  68  5:26  Zergling x8, Hatchery x2  
  71  5:36  Infestation Pit  
  71  5:38  Spire, Drone x2  
  71  5:41  Zergling x8  
  75  5:53  Zerg Ground Armor Level 2  
  75  5:54  Zerg Melee Weapons Level 2  
  75  5:55  Zergling x2  
  75  5:56  Zergling x4  
  77  6:18  Pathogen Glands, Hive  
  77  6:20  Zergling x8  
  77  6:21  Overlord x3  
  81  6:57  Drone x2  
  81  6:58  Drone  
  81  6:59  Drone x3  
  81  7:00  Drone  
  88  7:10  Drone x2  
  88  7:11  Drone x2  
  88  7:15  Extractor x2  
  90  7:17  Extractor  
  90  7:18  Extractor  
  90  7:20  Zergling x38  
  90  7:21  Zergling x2  
  108  7:22  Infestor  
  108  7:23  Infestor x3  
  108  7:29  Adrenal Glands  
  116  7:31  Drone  
  116  7:32  Overlord  
  117  7:48  Overlord  
  117  7:49  Overlord x2  
  117  7:57  Ultralisk Cavern  
  116  8:05  Drone x3  
  118  8:06  Drone x2  
  118  8:07  Drone  
  118  8:10  Drone x2  
  118  8:11  Drone x4  
  128  8:21  Overlord x3  
  128  8:22  Overlord x2  
  128  8:23  Overlord x2  
  128  8:31  Zergling x12  
  128  8:32  Zergling x2  
  135  8:43  Hatchery  
  135  8:46  Chitinous Plating  
  134  9:07  Spore Crawler  
  134  9:08  Spore Crawler  
  134  9:09  Drone  
  134  9:10  Drone  
  134  9:14  Drone  
  134  9:15  Spore Crawler  
  134  9:17  Ultralisk x3  
  152  9:28  Ultralisk  
  152  9:30  Ultralisk  
  161  9:43  Ultralisk x2  
  173  10:03  Zergling x14  
Tags
 
Add a new tag
Caveats
  • Supply blocks, unpowered buildings, or Contaminate may cause inaccurate times.
  • Supply counts are checked every 10 seconds.